 Dungeon Crawl Stone Soup version 0.30-a0-310-g7d6cbdfea6 (webtiles) character file.

Game seed: 16380362300935571792

166 billz999 the Chopper (level 5, -1/29 (43) HPs)
             Began as a Gnoll Reaver on Oct 24, 2022.
             Slain by an orc wizard
             ... wielding a +0 dagger
              (4 damage)
             ... on level 3 of the Dungeon.
             The game lasted 00:03:50 (1575 turns).

billz999 the Chopper (Gnoll Reaver)                 Turns: 1575, Time: 00:03:50

HP:   -1/29 (43)    AC:  3    Str: 12 (13) XL:     5   Next: 47%
MP:   10/12         EV: 12    Int: 11 (12) God:
Gold: 106           SH:  0    Dex:  8 (11) Spells: 13/14 levels left

rFire   . . .      SeeInvis .    a - +0 hand axe
rCold   . . .      Faith    .    (no shield)
rNeg    . . .      Spirit   .    b - +0 leather armour
rPois   .          Reflect  .    (no helmet)
rElec   .          Harm     .    (no cloak)
rCorr   .          Rampage  .    (no gloves)
Will    .....                    (no boots)
Stlth   +.........               (no amulet)
HPRegen 0.24/turn                (no ring)
MPRegen 0.13/turn                (no ring)

@: confused, very heavily drained
A: fangs 1, strong nose, distributed training
a: no special abilities


You were on level 3 of the Dungeon.
You visited 1 branch of the dungeon, and saw 3 of its levels.

You collected 106 gold pieces.

Inventory:

Hand Weapons
 a - a +0 hand axe (weapon)
Armour
 b - a +0 leather armour (worn)
 c - a scarf of repulsion
Scrolls
 d - 4 scrolls of identify {unknown}
 h - a scroll of torment {unknown}
 i - a scroll of summoning {unknown}
 j - a scroll of fear {unknown}
 k - a scroll of enchant weapon {unknown}
 m - a scroll of teleportation {unknown}
Potions
 e - a potion of heal wounds {unknown}


   Skills:
 + Level 4.8 Fighting
 + Level 1.6 Short Blades
 + Level 1.6 Long Blades
 + Level 6.7 Axes
 + Level 1.6 Maces & Flails
 + Level 1.6 Polearms
 + Level 1.6 Staves
 + Level 1.6 Ranged Weapons
 + Level 1.6 Throwing
 + Level 1.6 Armour
 + Level 4.8 Dodging
 + Level 1.6 Stealth
 + Level 1.6 Shields
 + Level 1.6 Unarmed Combat
 + Level 5.2 Spellcasting
 + Level 5.5 Conjurations
 + Level 1.2 Hexes
 + Level 1.2 Summonings
 + Level 1.2 Necromancy
 + Level 1.2 Translocations
 + Level 1.2 Transmutations
 + Level 1.2 Fire Magic
 + Level 1.2 Ice Magic
 + Level 1.2 Air Magic
 + Level 1.2 Earth Magic
 + Level 1.2 Poison Magic
 + Level 1.8 Invocations
 + Level 1.6 Evocations


You had 13 spell levels left.
You knew the following spells:

 Your Spells              Type           Power      Damage    Failure   Level
a - Kiss of Death         Conj/Necr      40%        2d8       7%          1

Your spell library contained the following spells:

 Spells                   Type           Power      Damage    Failure   Level
 Momentum Strike          Conj/Tloc      20%        3d8       10%         2
 Apportation              Tloc           10%        N/A       16%         1
 Hailstorm                Conj/Ice       10%        3d5       21%         3
 Cigotuvi's Dreadful Rot  Necr/Pois/Air  10%        N/A       24%         2
 Poisonous Vapours        Pois/Air       10%        N/A       24%         2
 Sublimation of Blood     Necr           5%         N/A       24%         2
 Wereblood                Tmut           5%         N/A       24%         2
 Mephitic Cloud           Conj/Pois/Air  8%         N/A       26%         3
 Confusing Touch          Hex            5%         N/A       43%         3
 Dispel Undead            Necr           5%         3d7       83%         4
 Alistair's Intoxication  Tmut/Pois      3%         N/A       99%         5
 Summon Hydra             Summ           2%         N/A       100%        7


Dungeon Overview and Level Annotations

Branches:
Dungeon (3/15)

Altars:


Innate Abilities, Weirdness & Mutations

You have very sharp teeth.
Your uncanny sense of smell can sniff out nearby items.
Your experience applies equally to all skills.


Message History

* * * LOW HITPOINT WARNING * * *
The hobgoblin attacks as you move away! The hobgoblin hits you.
* * * LOW HITPOINT WARNING * * *
You hit the hobgoblin but do no damage.
You bite the hobgoblin, but do no damage.
The hobgoblin is almost dead.
The hobgoblin hits you.
* * * LOW HITPOINT WARNING * * *
You hit the hobgoblin.
You kill the hobgoblin!
Casting: Kiss of Death (safe; 7% risk of failure)
Confirm with . or Enter, or press ? or * to list all spells.
You can't see any susceptible monsters within range! (Use Z to cast anyway.) Unknown command.
Casting: Kiss of Death (safe; 7% risk of failure)
Confirm with . or Enter, or press ? or * to list all spells.
Aiming: Kiss of Death (safe; 7% risk of failure)
Press: ? - help, Shift-Dir - straight line The negative energy hits something!
You feel drained. Something hits you.
* * * LOW HITPOINT WARNING * * *
Unknown command.
Casting: Kiss of Death (safe; 7% risk of failure)
Confirm with . or Enter, or press ? or * to list all spells.
Aiming: Kiss of Death (safe; 7% risk of failure)
Press: ? - help, Shift-Dir - straight line The negative energy hits something!
Reactivating autopickup.
You feel a bit more experienced.
You feel drained.
Unknown command.
Something hits you.
* * * LOW HITPOINT WARNING * * *
Deactivating autopickup; reactivate with Ctrl-A.
You hear some strange, mumbled words.
You are confused.
You bump into the rock wall.
You are too confused!
You miss something. The orc closely misses you.
Something hits you but does no damage. Something hits you.
You die...

#...# ###### #...# ......
#...### ######
#.....##########
#...#..oo.....o#
#...##########)# # #...#
#o#.##. #...## #.#.#.. #
##...# #@#.#.#.# ## ###.#
#.....#..# #####. #.#
###.......###..... #.##
##.#....#....## #..#
#.#.##....### ##{#
##.#.#......# #.##
##..#.....##.# #..#
####..##........###
##.######..........###....#


You could see 2 orcs.

Vanquished Creatures
  A scorpion (D:3)
  An orc priest (D:3)
  An orc wizard (D:3)
  An adder (D:2)
  2 worms (D:3)
  A dart slug (D:1)
  2 orcs (D:2)
  2 endoplasms (D:1)
  A giant cockroach (D:3)
  4 goblins
  3 hobgoblins
  A quokka (D:1)
  4 ball pythons
  5 bats
  5 frilled lizards
  3 kobolds (D:1)
  4 rats
41 creatures vanquished.

Notes
Turn   | Place    | Note
-------+----------+-------------------------------------------
     0 | D:1      | billz999 the Gnoll Reaver began the quest for the Orb.
     0 | D:1      | Reached XP level 1. HP: 20/20 MP: 6/6
   143 | D:1      | Reached XP level 2. HP: 24/26 MP: 7/7
   745 | D:1      | Reached skill level 5 in Spellcasting
   745 | D:1      | Reached XP level 3. HP: 31/31 MP: 7/9
  1046 | D:2      | Reached skill level 1 in Invocations
  1238 | D:3      | Reached skill level 1 in Short Blades
  1238 | D:3      | Reached skill level 1 in Long Blades
  1238 | D:3      | Reached skill level 1 in Maces & Flails
  1238 | D:3      | Reached skill level 1 in Polearms
  1238 | D:3      | Reached skill level 1 in Staves
  1238 | D:3      | Reached skill level 1 in Ranged Weapons
  1238 | D:3      | Reached skill level 1 in Throwing
  1238 | D:3      | Reached skill level 1 in Armour
  1238 | D:3      | Reached skill level 1 in Stealth
  1238 | D:3      | Reached skill level 1 in Shields
  1238 | D:3      | Reached skill level 1 in Unarmed Combat
  1238 | D:3      | Reached skill level 1 in Evocations
  1399 | D:3      | Noticed a scorpion
  1405 | D:3      | Killed a scorpion
  1406 | D:3      | Reached skill level 1 in Hexes
  1406 | D:3      | Reached skill level 1 in Summonings
  1406 | D:3      | Reached skill level 1 in Necromancy
  1406 | D:3      | Reached skill level 1 in Translocations
  1406 | D:3      | Reached skill level 1 in Transmutations
  1406 | D:3      | Reached skill level 1 in Fire Magic
  1406 | D:3      | Reached skill level 1 in Ice Magic
  1406 | D:3      | Reached skill level 1 in Air Magic
  1406 | D:3      | Reached skill level 1 in Earth Magic
  1406 | D:3      | Reached skill level 1 in Poison Magic
  1406 | D:3      | Reached XP level 4. HP: 28/37 MP: 9/11
  1505 | D:3      | Reached XP level 5. HP: 16/38 MP: 10/12
  1575 | D:3      | Slain by an orc wizard

Illustrated notes

Levels and vault maps discovered:
D:1:      giann_bridges, layout_loops_corners
D:2:      cheibrodos_pilgrimage, layout_loops_corners
D:3:      layout_rooms

Skill      XL: |  1  2  3 |
---------------+----------+-----
Spellcasting   | 5 |  5.2
Invocations    | 1 |  1.8
Short Blades   | 1 |  1.6
Long Blades    | 1 |  1.6
Maces & Flails | 1 |  1.6
Polearms       | 1 |  1.6
Staves         | 1 |  1.6
Ranged Weapons | 1 |  1.6
Throwing       | 1 |  1.6
Armour         | 1 |  1.6
Stealth        | 1 |  1.6
Shields        | 1 |  1.6
Unarmed Combat | 1 |  1.6
Evocations     | 1 |  1.6
Hexes          | 1 |  1.2
Summonings     | 1 |  1.2
Necromancy     | 1 |  1.2
Translocations | 1 |  1.2
Transmutations | 1 |  1.2
Fire Magic     | 1 |  1.2
Ice Magic      | 1 |  1.2
Air Magic      | 1 |  1.2
Earth Magic    | 1 |  1.2
Poison Magic   | 1 |  1.2
Fighting       | |  4.8
Axes           | |  6.7
Dodging        | |  4.8
Conjurations   | |  5.5

Action                   |  1- 3 |  4- 6 || total
-------------------------+-------+-------++-------
Melee: Hand axe          |   120 |    22 ||   142
       Bite              |    11 |     3 ||    14
       Punch             |     3 |     1 ||     4
 Cast: Kiss of Death     |     2 |     3 ||     5
  Use: Potion            |       |     3 ||     3
       Scroll            |       |     2 ||     2
Armor: Leather armour    |    29 |     5 ||    34
Dodge: Dodged            |    85 |    26 ||   111

Table legend: (Time is in decaauts)
 A = Elapsed time spent in this place.
 B = Non-inter-level travel time spent in this place.
 C = Inter-level travel time spent in this place.
 D = Time resting spent in this place.
 E = Time spent auto-exploring this place.
 F = Levels seen in this place.
 G = Mean time per level.
                   A        B        C        D        E       F      G
               +--------+--------+--------+--------+--------+-----+--------+
         Total |   1571 |   1551 |     20 |      0 |   1175 |   3 |  523.7 |
       Dungeon |   1571 |   1551 |     20 |      0 |   1175 |   3 |  523.7 |
               +--------+--------+--------+--------+--------+-----+--------+

Top non-repeatable levels by time:
     D:1: 889 daAuts
     D:3: 495 daAuts
     D:2: 186 daAuts
